 Dungeon Crawl Stone Soup version 0.30-a0-125-g51eefa89be (webtiles) character file.

Game seed: 4587807698570844777

1422 greasedhog the Chiller (level 8, -5/49 HPs)
             Began as a Gargoyle Ice Elementalist on Sept 19, 2022.
             Slain by a wight
             ... wielding a +3 halberd
              (8 damage)
             ... on level 6 of the Dungeon.
             The game lasted 00:09:12 (5959 turns).

greasedhog the Chiller (Gargoyle Ice Elementalist)  Turns: 5959, Time: 00:09:13

Health: -5/49      AC: 18    Str: 11    XL:     8   Next: 72%
Magic:  2/16       EV: 11    Int: 19    God:
Gold:   313        SH:  0    Dex: 10    Spells: 2/18 levels left

rFire   . . .      SeeInvis .    o - +2 quarterstaff (chaos)
rCold   . . .      Faith    .    (shield currently unavailable)
rNeg    + . .      Spirit   .    a - +1 robe
rPois   ∞          Reflect  .    (no helmet)
rElec   +          Harm     .    t - +0 cloak
rCorr   .          Rampage  .    (no gloves)
Will    +....                    l - +0 pair of boots
Stlth   ++........               (no amulet)
HPRegen 0.16/turn                c - ring of flight
MPRegen 0.15/turn                d - ring of willpower

@: ice-armoured, flying
A: sickness immunity, AC +5, negative energy resistance 1, electricity
resistance, torment resistance 1, petrification resistance
a: no special abilities


You were on level 6 of the Dungeon.
You visited 1 branch of the dungeon, and saw 6 of its levels.

You collected 313 gold pieces.

Inventory:

Hand Weapons
 o - a +2 quarterstaff of chaos (weapon)
Armour
 a - a +1 robe (worn)
 l - a +0 pair of boots (worn)
 t - a +0 cloak (worn)
Jewellery
 c - a ring of flight (left hand)
 d - a ring of willpower (right hand)
 n - a ring of willpower
Scrolls
 g - 8 scrolls of identify
 i - 2 scrolls of butterflies
 s - 5 scrolls of teleportation
Potions
 b - a potion of magic
 e - a potion of curing
 f - 2 potions of resistance {unknown}
 h - 2 potions of invisibility {unknown}
 j - a potion of lignification {unknown}
 m - 2 potions of haste {unknown}
 p - a potion of ambrosia {unknown}
 q - a potion of attraction {unknown}
 r - 2 potions of heal wounds {unknown}


   Skills:
 - Level 5.0 Fighting
 * Level 3.5 Armour
 - Level 1.5 Dodging
 - Level 2.1 Stealth
 * Level 5.8 Spellcasting
 * Level 0.0 Conjurations
 * Level 7.3 Ice Magic


You had 2 spell levels left.
You knew the following spells:

 Your Spells              Type           Power      Damage    Failure   Level
a - Freeze                Ice            100%       1d11      1%          1
b - Frozen Ramparts       Ice            66%        1d10      1%          3
c - Ozocubu's Armour      Ice            33%        N/A       1%          3
d - Hailstorm             Conj/Ice       19%        3d6       26%         4
e - Freezing Cloud        Conj/Ice/Air   7%         6-21      75%         5

Your spell library contained the following spells:

 Spells                   Type           Power      Damage    Failure   Level
 Foxfire                  Conj/Fire      20%        2x1d5     12%         1
 Blink                    Tloc           10%        N/A       17%         2
 Ignite Poison            Fire/Tmut/Pois 5%         N/A       34%         3
 Inner Flame              Hex/Fire       5%         N/A       34%         3
 Kindle Blastsparks       Fire/Tloc/Air  10%        2d10      34%         3
 Mephitic Cloud           Conj/Pois/Air  5%         N/A       34%         3
 Flame Wave               Conj/Fire      5%         2d5       75%         4
 Manifold Assault         Tloc           5%         N/A       75%         4
 Arcjolt                  Conj/Air       2%         1d12      97%         5
 Iskenderun's Battlesphe  Conj           5%         2d6       97%         5
 Iron Shot                Conj/Erth      2%         9d2       100%        6
 Spellforged Servitor     Conj/Summ      2%         N/A       100%        7
 Storm Form               Tmut/Air       2%         N/A       100%        7


Dungeon Overview and Level Annotations

Branches:
Dungeon (6/15)
 Temple: D:4-7

Altars:


Innate Abilities, Weirdness & Mutations

You are immune to sickness and miasma.
Your stone body is resilient. (AC +5)
You are immune to poison.
You resist negative energy. (rN+)
You are resistant to electric shocks. (rElec)
You are resistant to unholy torment.
You are immune to petrification.


Message History

The wight resists.
The wall freezes the wight.
The wight closely misses you.
The wight completely resists.
The wall freezes the wight but does no damage.
The wight closely misses you.
The wall freezes the wight but does no damage.
The wight hits you but does no damage.
Casting: Ozocubu's Armour (safe; 1% risk of failure)
Confirm with . or Enter, or press ? or * to list all spells.
Your icy armour thickens.
The wight completely resists.
The wall freezes the wight but does no damage.
The wight closely misses you.
Casting: Ozocubu's Armour (safe; 1% risk of failure)
Confirm with . or Enter, or press ? or * to list all spells.
The spell is quite dangerous to miscast (26% risk of failure)!
Continue anyway?
Casting: Hailstorm (quite dangerous; 26% risk of failure)
Press: ? - help, Dir - look around, f - activate A cannonade of hail descends around you!
The hail pelts the wight.
The wight partially resists.
The wight is moderately damaged.
The wight resists.
The wall freezes the wight.
The wight hits you from afar with a +3 halberd.
Your icy armour and frozen ramparts will break if you move.
Continue? [Y]es or [N]o only, please.
Your icy armour and frozen ramparts will break if you move.
Continue?
Your icy armour cracks and falls away as you move.
The frozen ramparts melt away as you move.
The wight barely misses you.
Casting: Hailstorm (quite dangerous; 26% risk of failure)
Confirm with . or Enter, or press ? or * to list all spells.
A film of ice covers your body! The wight hits you with a +3 halberd!
You hit the wight but do no damage.
The wight is moderately damaged.
The wight hits you with a +3 halberd!
* * * LOW HITPOINT WARNING * * *
You barely miss the wight.
The wight is moderately damaged.
The wight hits you with a +3 halberd!
* * * LOW HITPOINT WARNING * * *
The wight hits you with a +3 halberd!
You die...

......)'.#
########.#
#########
###.....#.......
#.....#......
#.....#...[#
#.....#...#
######.....#...#
...........#z###
....(.....#@#
...........#
###.....###
##.....#
######...####
#........####
#....)..<...#
#........##.#
###.....## #


You could see a wight.

Vanquished Creatures
  A kobold demonologist (D:6)
  Grinder (D:4)
  A queen bee (D:6)
  A kobold brigand (D:3)
  2 scorpions (D:5)
  2 jellies (D:4)
  A hound (D:4)
  4 orc priests
  Crazy Yiuf (D:6)
  Natasha (thrice) (D:3)
  2 iguanas (D:4)
  2 orc wizards (D:5)
  3 gnolls (D:5)
  6 adders
  2 worms (D:2)
  A dart slug (D:3)
  13 orcs
  3 bats
  5 endoplasms
  4 giant cockroaches
  5 goblins
  7 hobgoblins
  A quokka (D:2)
  5 ball pythons
  2 frilled lizards
  10 kobolds
  5 rats
93 creatures vanquished.

Vanquished Creatures (others)
  5 fungi (D:6)
5 creatures vanquished.

Grand Total: 98 creatures vanquished

Notes
Turn   | Place    | Note
-------+----------+-------------------------------------------
     0 | D:1      | greasedhog the Gargoyle Ice Elementalist began the quest
                  | for the Orb.
     0 | D:1      | Reached XP level 1. HP: 10/10 MP: 3/3
   218 | D:1      | Found a faded altar of an unknown god.
   598 | D:1      | Reached XP level 2. HP: 15/15 MP: 1/5
  1349 | D:2      | Reached skill level 1 in Fighting
  1351 | D:2      | Reached XP level 3. HP: 20/20 MP: 2/6
  1522 | D:2      | Learned a level 3 spell: Frozen Ramparts
  1526 | D:2      | Learned a level 3 spell: Ozocubu's Armour
  1803 | D:2      | Reached XP level 4. HP: 26/26 MP: 6/8
  2487 | D:3      | Noticed Natasha
  2498 | D:3      | Killed Natasha
  2538 | D:3      | Noticed Natasha
  2543 | D:3      | Killed Natasha
  2544 | D:3      | Reached XP level 5. HP: 27/31 MP: 5/9
  2733 | D:3      | Noticed Natasha
  2748 | D:3      | Killed Natasha
  2749 | D:3      | Reached skill level 5 in Ice Magic
  2774 | D:3      | Noticed a kobold brigand
  2782 | D:3      | Killed a kobold brigand
  2783 | D:3      | Reached XP level 6. HP: 19/37 MP: 1/11
  3420 | D:4      | Learned a level 4 spell: Hailstorm
  3857 | D:4      | Noticed Grinder
  3870 | D:4      | Paralysed by Grinder for 2 turns
  3905 | D:4      | Killed Grinder
  3906 | D:4      | Reached XP level 7. HP: 35/44 MP: 4/13
  4065 | D:4      | Reached skill level 6 in Ice Magic
  4403 | D:5      | Entered Level 5 of the Dungeon
  4678 | D:5      | Reached skill level 5 in Fighting
  4821 | D:5      | Reached skill level 1 in Armour
  4821 | D:5      | Reached skill level 5 in Spellcasting
  4821 | D:5      | Reached XP level 8. HP: 47/49 MP: 9/15
  5341 | D:6      | an ice beast changed into a rime drake
  5341 | D:6      | Noticed a rime drake
  5344 | D:6      | a rime drake changed into a queen bee
  5344 | D:6      | Noticed a queen bee
  5359 | D:6      | Killed a queen bee
  5654 | D:6      | Found a runed translucent door.
  5655 | D:6      | Noticed Crazy Yiuf
  5662 | D:6      | Killed Crazy Yiuf
  5748 | D:6      | Noticed a kobold demonologist
  5761 | D:6      | Noticed a red devil
  5761 | D:6      | Killed a kobold demonologist
  5762 | D:6      | Reached skill level 7 in Ice Magic
  5935 | D:6      | Learned a level 5 spell: Freezing Cloud
  5959 | D:6      | Slain by a wight

Illustrated notes

Levels and vault maps discovered:
D:1:      dpeg_arrival_stonehenge_8_columns, layout_basic,
          basic_ecumenical_altar
D:2:      layout_loops_ring
D:3:      cheibrodos_thug_alley, layout_rooms, hex_medium, uniq_natasha
D:4:      layout_rooms, uniq_grinder
D:5:      layout_basic
D:6:      layout_basic, uniq_crazy_yiuf_cottage

Skill      XL: |  1  2  3  4  5  6  7  8 |
---------------+-------------------------+-----
Fighting       | 1 2 3 4 5 |  5.0
Spellcasting   | 3 4 5 |  5.8
Ice Magic      | 5 6 7 |  7.3
Armour         | 1 3 |  3.5
Dodging        | |  1.5
Stealth        | |  2.1

Action                   |  1- 3 |  4- 6 |  7- 9 || total
-------------------------+-------+-------+-------++-------
Melee: Unarmed           |     1 |       |       ||     1
       Dagger            |    26 |    54 |    35 ||   115
       Quarterstaff      |       |       |     2 ||     2
 Cast: Freeze            |    35 |    45 |    28 ||   108
       Ozocubu's Armour  |       |     4 |     9 ||    13
       Frozen Ramparts   |       |     9 |    13 ||    22
       Hailstorm         |       |       |     1 ||     1
Evoke: Wand              |       |       |     5 ||     5
  Use: Scroll            |     4 |     3 |       ||     7
 Stab: Sleeping          |       |     1 |     1 ||     2
Armor: Robe              |    17 |    36 |    29 ||    82
Dodge: Dodged            |    34 |    40 |    28 ||   102

Table legend: (Time is in decaauts)
 A = Elapsed time spent in this place.
 B = Non-inter-level travel time spent in this place.
 C = Inter-level travel time spent in this place.
 D = Time resting spent in this place.
 E = Time spent auto-exploring this place.
 F = Levels seen in this place.
 G = Mean time per level.
                   A        B        C        D        E       F      G
               +--------+--------+--------+--------+--------+-----+--------+
         Total |   5962 |   5884 |     78 |   1289 |   3867 |   6 |  993.7 |
       Dungeon |   5962 |   5884 |     78 |   1289 |   3867 |   6 |  993.7 |
               +--------+--------+--------+--------+--------+-----+--------+

Top non-repeatable levels by time:
     D:2: 1306 daAuts
     D:3: 1104 daAuts
     D:4: 1031 daAuts
     D:1: 965 daAuts
     D:5: 932 daAuts
     D:6: 622 daAuts
